 Dungeon Crawl Stone Soup version 0.29.1-1-gd02db69 (webtiles) character file.

Game seed: 13388534377035760715

1432 Kel the Cleaver (level 8, -2/46 HPs)
             Began as a Gargoyle Berserker on Jan 26, 2023.
             Was a Priest of Trog.
             Killed from afar by an acid dragon (19 damage)
             ... with a splash of acid
             ... on level 5 of the Dungeon.
             The game lasted 00:07:22 (5614 turns).

Kel the Cleaver (Gargoyle Berserker)                Turns: 5614, Time: 00:07:22

Health: -2/46      AC: 13    Str: 23    XL:     8   Next: 73%
Magic:  8/8        EV:  8    Int:  8    God:    Trog [***...]
Gold:   231        SH:  0    Dex:  9    Spells: 7/7 levels left

rFire   . . .      SeeInvis .   i - +0 battleaxe
rCold   . . .      Faith    .   (shield currently unavailable)
rNeg    + . .      Spirit   .   w - +0 chain mail
rPois   ∞          Reflect  .   x - +1 helmet
rElec   +          Harm     .   (no cloak)
rCorr   .          Rampage  .   e - +0 pair of gloves
Will    .....                   (no boots)
Stlth   ..........              (no amulet)
HPRegen 0.15/turn               h - +4 ring of protection
MPRegen 0.11/turn               q - ring of flight

@: corroded, flying
A: sickness immunity, AC +5, negative energy resistance 1, electricity
resistance, torment resistance 1, petrification resistance
a: Renounce Religion, Berserk, Trog's Hand


You were on level 5 of the Dungeon.
You worshipped Trog.
Trog was most pleased with you.
You visited 1 branch of the dungeon, and saw 5 of its levels.

You collected 231 gold pieces.

Inventory:

Hand Weapons
 i - a +0 battleaxe (weapon)
Armour
 e - a +0 pair of gloves (worn)
 w - a +0 chain mail (worn)
 x - a +1 helmet (worn)
Jewellery
 h - a +4 ring of protection (left hand)
 q - a ring of flight (right hand)
Wands
 u - a wand of polymorph (1)
Scrolls
 a - a scroll of enchant armour {unknown}
 f - a scroll of butterflies {unknown}
 k - 8 scrolls of identify
 l - a scroll of immolation {unknown}
 m - a scroll of torment {unknown}
 n - a scroll of amnesia {unknown}
 p - 2 scrolls of teleportation {unknown}
 s - a scroll of blinking {unknown}
 t - 2 scrolls of noise {unknown}
 v - a scroll of fear {unknown}
Potions
 b - a potion of flight
 c - 2 potions of haste {unknown}
 d - a potion of mutation {unknown}
 g - 3 potions of heal wounds {unknown}
 j - a potion of cancellation {unknown}
 o - a potion of attraction {unknown}
 r - 2 potions of curing
 z - a potion of lignification {unknown}


   Skills:
 - Level 3.3 Fighting
 + Level 10.0 Axes
 - Level 2.3 Armour
 - Level 1.7 Dodging


You had 7 spell levels left.
You didn't know any spells.
Your spell library was empty.

Dungeon Overview and Level Annotations

Branches:
Dungeon (5/15)             Temple (0/1) D:4

Altars:
Kikubaaqudgha
Qazlal
Ru
Xom
The Shining One


Innate Abilities, Weirdness & Mutations

You are immune to sickness and miasma.
Your stone body is resilient. (AC +5)
You are immune to poison.
You resist negative energy. (rN+)
You are resistant to electric shocks. (rElec)
You are resistant to unholy torment.
You are immune to petrification.


Message History

Your Axes skill gained 2 levels and is now at level 10!
Things that are here:
a +1 whip of flaming; a +2 robe of willpower You start resting.
You feel a strong urge to attack something.
You start resting.
You feel your anger nearly subside.
You are no longer berserk.
You are exhausted.
You feel yourself slow down.
You start resting.
You feel yourself speed up.
You start resting.
HP restored.
You recover from your berserk rage.
k - 9 scrolls labelled LEHOL BYLIGO (gained 1)
Found 2 javelins.
An acid dragon comes into view.
The acid dragon roars!
The acid dragon spits acid at you. The splash of acid hits you!!
Ouch! That really hurt!
The acid corrodes you!
You are too injured to fight recklessly!
As you read the scroll labelled LEHOL BYLIGO, it crumbles to dust.
It is a scroll of identify.
b - a potion of flight The acid dragon spits acid at you.
The splash of acid hits you.
An adder comes into view.
The adder hisses angrily.
The adder completely misses you.
You barely miss the adder. The adder bites you but does no damage.
The acid dragon spits acid at you.
The splash of acid hits you but does no damage.
The acid corrodes you! The adder bites you but does no damage.
You closely miss the adder. The adder bites you but does no damage.
You barely miss the adder. The adder bites you but does no damage.
The acid dragon spits acid at you. The splash of acid hits you!!
You die...

##########
......S@.#
....####.#
. #.# #.#
#.# #.# ##
#D# #. #.#
## #.#


You could see an acid dragon (catching breath) and an adder.

Vanquished Creatures
  Pikel (D:5)
  A black bear (D:4)
  2 ogres
  A lemure (D:5)
  2 phantoms
  Blork the orc (D:5)
  A scorpion (D:5)
  A howler monkey (D:5)
  A hound (D:5)
  A gnoll bouda (D:5)
  An orc priest (D:5)
  Ijyb (D:4)
  2 iguanas
  4 gnolls (D:5)
  4 adders
  3 worms (D:2)
  5 dart slugs
  7 orcs
  13 ball pythons
  5 bats
  8 endoplasms
  5 giant cockroaches
  11 goblins
  10 hobgoblins
  11 jackals
  4 quokkas
  4 frilled lizards
  3 kobolds
  5 rats
118 creatures vanquished.

Notes
Turn   | Place    | Note
-------+----------+-------------------------------------------
     0 | D:1      | Kel the Gargoyle Berserker began the quest for the Orb.
     0 | D:1      | Reached XP level 1. HP: 14/14 MP: 1/1
   514 | D:1      | Reached XP level 2. HP: 15/19 MP: 2/2
   593 | D:1      | Reached skill level 3 in Axes
  1437 | D:2      | Reached XP level 3. HP: 22/23 MP: 3/3
  1524 | D:2      | Found a faded altar of an unknown god.
  1990 | D:2      | Reached ** piety under Trog
  2152 | D:2      | Reached skill level 4 in Axes
  2379 | D:2      | Reached XP level 4. HP: 20/28 MP: 4/4
  3601 | D:4      | Noticed an ogre
  3613 | D:4      | Killed an ogre
  3614 | D:4      | Reached skill level 5 in Axes
  3614 | D:4      | Reached XP level 5. HP: 31/32 MP: 5/5
  3718 | D:4      | Found a shimmering altar of Xom.
  3738 | D:4      | Noticed a phantom
  3755 | D:4      | Killed a phantom
  3756 | D:4      | Reached skill level 6 in Axes
  3756 | D:4      | Reached XP level 6. HP: 16/37 MP: 6/6
  3933 | D:4      | Found a staircase to the Ecumenical Temple.
  4085 | D:4      | Found a sacrificial altar of Ru.
  4088 | D:4      | Noticed a black bear
  4225 | D:4      | Noticed Ijyb
  4240 | D:4      | Killed Ijyb
  4558 | D:4      | Killed a black bear
  4611 | D:4      | Found a glowing golden altar of the Shining One.
  4612 | D:4      | Found an ancient bone altar of Kikubaaqudgha.
  4750 | D:5      | Entered Level 5 of the Dungeon
  4759 | D:5      | Found a stormy altar of Qazlal.
  4771 | D:5      | Reached XP level 7. HP: 41/41 MP: 7/7
  4781 | D:5      | Reached skill level 7 in Axes
  4976 | D:5      | Reached *** piety under Trog
  5203 | D:5      | Reached skill level 8 in Axes
  5287 | D:5      | Noticed Blork the orc
  5294 | D:5      | Killed Blork the orc
  5295 | D:5      | Reached XP level 8. HP: 46/46 MP: 8/8
  5529 | D:5      | Noticed Pikel
  5539 | D:5      | Killed Pikel
  5540 | D:5      | Reached skill level 10 in Axes
  5614 | D:5      | Killed from afar by an acid dragon

Illustrated notes

Levels and vault maps discovered:
D:1:      dpeg_arrival_concentric_ovals, layout_basic
D:2:      layout_basic, hellmonk_ecumenical_altar_zigzags
D:3:      layout_loops_cross, minmay_distorted
D:4:      kennysheep_goblin_castle, layout_rooms,
          nicolae_overflow_crystal_walls, gammafunk_temple_overflow_pools,
          xom_confusion_cloud, minmay_temple_entry_trees
D:5:      layout_basic, mainiacjoe_overflow_concentric_impassable,
          yredelemnul_forgotten_temple_becter, serial_shops, shop, uniq_pikel,
          uniq_blork_the_orc

Skill      XL: |  1  2  3  4  5  6  7  8 |
---------------+-------------------------+-----
Axes           | 3 4 5 6 8 10 | 10.0
Fighting       | |  3.3
Armour         | |  2.3
Dodging        | |  1.7

Action                   |  1- 3 |  4- 6 |  7- 9 || total
-------------------------+-------+-------+-------++-------
Melee: Hand axe          |   114 |       |       ||   114
       Battleaxe         |    11 |   174 |    73 ||   258
       Unarmed           |       |    13 |       ||    13
Invok: Berserk           |       |     3 |     3 ||     6
  Use: Scroll            |       |       |     1 ||     1
Armor: Animal skin       |     4 |       |       ||     4
       Ring mail         |    49 |   108 |       ||   157
       Chain mail        |       |    29 |    62 ||    91
Dodge: Dodged            |    85 |   142 |    39 ||   266
